 Dungeon Crawl Stone Soup version 0.27-a0-808-g60bc5d92e6 (webtiles) character file.

Game seed: 18300357771111932559

308 funkygono the Magician (level 6, -7/40 HPs)
             Began as a Djinni Fire Elementalist on Mar 28, 2021.
             Mangled by Crazy Yiuf
             ... wielding a +3 quarterstaff of chaos
              (10 damage)
             ... on level 3 of the Dungeon.
             The game lasted 00:05:50 (3207 turns).

funkygono the Magician (Djinni Fire Elementalist)   Turns: 3207, Time: 00:05:51

Health: -7/40      AC:  6    Str:  7    XL:     6   Next: 40%
Gold:   137        EV: 12    Int: 19    God:
                   SH:  0    Dex: 13

rFire    + + .     SeeInvis .   l - +3 dagger
rCold    x . .     Faith    .   (no shield)
rNeg     . . .     Spirit   .   a - +1 robe
rPois    ∞         Reflect  .   k - +0 helmet
rElec    .         Harm     .   (no cloak)
rCorr    .         Rampage  .   c - +1 pair of gloves {Stlth+}
Will     .....                  (boots unavailable)
Stlth    +++.......             g - amulet of the acrobat
HPRegen  0.13/turn              (no ring)
MPRegen  0.00/turn              (no ring)

@: flying
A: fire resistance 2, cold vulnerability 1, float, innate caster, hp casting,
extra vitality 1
a: no special abilities


You were on level 3 of the Dungeon.
You visited 1 branch of the dungeon, and saw 3 of its levels.

You collected 137 gold pieces.

Inventory:

Hand Weapons
 l - a +3 dagger (weapon)
Armour
 a - a +1 robe (worn)
 c - a +1 pair of gloves of stealth (worn)
 k - a +0 helmet (worn)
Jewellery
 g - an amulet of the acrobat (around neck)
Wands
 j - a wand of polymorph (8)
Scrolls
 b - 3 scrolls of magic mapping
 e - a scroll of teleportation
 m - a scroll of immolation {unknown}
Potions
 d - a potion of attraction {unknown}
 f - a potion of haste {unknown}
 h - 2 potions of heal wounds
 i - a potion of curing {unknown}
 n - a potion of mutation {unknown}


   Skills:
 + Level 0.1 Fighting
 + Level 2.6 Dodging
 - Level 1.5 Stealth
 * Level 5.8 Spellcasting


You couldn't memorise any spells.
You knew the following spells:

 Your Spells              Type           Power      Damage    Failure   Level
a - Foxfire               Conj/Fire      100%       2x1d9     1%          1
b - Conjure Flame         Conj/Fire      27%        6-21      3%          3
c - Inner Flame           Hex/Fire       27%        N/A       3%          3
d - Sticky Flame          Conj/Fire      27%        2d5       11%         4
e - Fireball              Conj/Fire      13%        3d7       28%         5
f - Animate Skeleton      Necr           54%        N/A       1%          1
g - Blink                 Tloc           N/A        N/A       1%          2
Your spell library was empty.

Dungeon Overview and Level Annotations

Branches:
Dungeon (3/15)

Altars:
Gozag

Shops:
D:1 [

Annotations:
D:3 Crazy Yiuf


Innate Abilities, Weirdness & Mutations

You are immune to poison.
Your flesh is very heat resistant. (rF++)
You are vulnerable to cold. (rC-)
You float through the air rather than walking.
You learn spells naturally, not from books.
Your magical power is your life essence.
You have superior vitality. (+4 HP)


Message History

You miscast Foxfire.
You are very lightly contaminated with residual magic.
Nothing appears to happen.
Crazy Yiuf hits you with a +3 quarterstaff of chaos!
Casting: Foxfire (safe; 1% risk of failure)
Confirm with . or Enter, or press ? or * to list all spells.
You conjure some foxfire!
Crazy Yiuf misses you.
Unknown command.
The foxfire hits Crazy Yiuf!
Crazy Yiuf is heavily wounded.
The foxfire hits Crazy Yiuf but does no damage.
Crazy Yiuf is heavily wounded.
Casting: Foxfire (safe; 1% risk of failure)
Confirm with . or Enter, or press ? or * to list all spells.
You conjure some foxfire!
Crazy Yiuf hits you with a +3 quarterstaff of chaos!
The foxfire hits Crazy Yiuf.
Crazy Yiuf is heavily wounded.
The foxfire hits Crazy Yiuf.
Crazy Yiuf is severely wounded.
Casting: Foxfire (safe; 1% risk of failure)
Confirm with . or Enter, or press ? or * to list all spells.
You conjure some foxfire!
Crazy Yiuf hits you with a +3 quarterstaff of chaos!
* * * LOW HITPOINT WARNING * * *
Crazy Yiuf burns you.
* * * LOW HITPOINT WARNING * * *
The foxfire hits Crazy Yiuf but does no damage.
Crazy Yiuf is severely wounded.
The foxfire hits Crazy Yiuf.
Crazy Yiuf is almost dead.
Your magical contamination has completely faded away.
Crazy Yiuf says, "Blight!
Ghoul sizzlefizz testudinal."
Casting: Foxfire (safe; 1% risk of failure)
Confirm with . or Enter, or press ? or * to list all spells.
You conjure some foxfire!
* * * LOW HITPOINT WARNING * * *
Crazy Yiuf says, "I'm not crazy!"
Crazy Yiuf hits you with a +3 quarterstaff of chaos!
You die...

..#....###.# #........##..#######
#.####.....###...?....##........#
......................##........#
..##...#.#####........<.........#
##########............###.......#
#.###........##........#
♣♣♣♣♣##...#........##........#
♣♣♣.♣....##.....v...##.........#
#♣..♣......####g@v....).........#
'.♣♣♣♣.♣..........###...#########
#♣♣ ♣♣.....##........###
♣♣##..###....#### #..##..#...###
#......###...## ##### ####..÷...#
###..##### #...###.......###
##.....# #.#.............#
#.....#


You could see Crazy Yiuf (ally target).

Vanquished Creatures
  Sigmund (D:2)
  A bullfrog zombie (D:3)
  Terence (D:2)
  Robin (D:2)
  An adder (D:3)
  A dart slug (D:2)
  3 ball pythons (D:2)
  2 bats (D:1)
  3 endoplasms
  3 giant cockroaches (D:2)
  8 hobgoblins
  6 jackals
  3 quokkas
  2 frilled lizards (D:3)
  17 goblins
  2 kobolds
  5 rats
60 creatures vanquished.

Vanquished Creatures (others)
  151 foxfires
  5 fungi (D:3)
156 creatures vanquished.

Grand Total: 216 creatures vanquished

Notes
Turn   | Place    | Note
-------+----------+-------------------------------------------
     0 | D:1      | funkygono the Djinni Fire Elementalist began the quest for
                  | the Orb.
     0 | D:1      | Reached XP level 1. HP: 15/15 MP: 0/0
    42 | D:1      | Reached skill level 3 in Spellcasting
    50 | D:1      | Reached XP level 2. HP: 14/21 MP: 0/0
   544 | D:1      | Found Qeashria's Armour Boutique.
  1059 | D:1      | Identified a scroll of acquirement
  1059 | D:1      | Acquired a +1 pair of gloves of stealth
  1247 | D:2      | Reached XP level 3. HP: 24/25 MP: 0/0
  1247 | D:2      | Learned a level 1 spell: Animate Skeleton
  1451 | D:2      | Noticed Sigmund
  1465 | D:2      | Killed Sigmund
  1466 | D:2      | Reached skill level 5 in Spellcasting
  1466 | D:2      | Reached XP level 4. HP: 10/31 MP: 0/0
  1466 | D:2      | Reached XP level 5. HP: 12/35 MP: 0/0
  1466 | D:2      | Learned a level 2 spell: Blink
  1946 | D:2      | Noticed Terence
  1955 | D:2      | Killed Terence
  2022 | D:2      | Noticed Robin
  2027 | D:2      | Reached XP level 6. HP: 38/40 MP: 0/0
  2043 | D:2      | Killed Robin
  2262 | D:2      | Found a faded altar of an unknown god.
  2691 | D:3      | Found an opulent altar of Gozag.
  3183 | D:3      | Found a runed translucent door.
  3184 | D:3      | Noticed Crazy Yiuf
  3207 | D:3      | Mangled by Crazy Yiuf

Illustrated notes

Levels and vault maps discovered:
D:1:      lightli_arrival_farm, layout_basic, serial_shops,
          nicolae_shop_statue_plus
D:2:      layout_basic, chequers_ecumenical_altar_grove, uniq_sigmund,
          uniq_robin, uniq_terence
D:3:      layout_rooms, nicolae_gozag_cash_rules_everything_around_me,
          uniq_crazy_yiuf_cottage

Skill      XL: |  1  2  3 |
---------------+----------+-----
Spellcasting   | 3 5 |  5.8
Fighting       | |  0.1
Dodging        | |  2.6
Stealth        | |  1.5

Action                   |  1- 3 |  4- 6 || total
-------------------------+-------+-------++-------
Melee: Dagger            |     6 |    11 ||    17
 Cast: Foxfire           |    38 |    58 ||    96
       Animate Skeleton  |       |     1 ||     1
  Use: Scroll            |     7 |     2 ||     9
Armor: Robe              |       |     4 ||     4
Dodge: Dodged            |     8 |     9 ||    17

Table legend: (Time is in decaauts)
 A = Elapsed time spent in this place.
 B = Non-inter-level travel time spent in this place.
 C = Inter-level travel time spent in this place.
 D = Time resting spent in this place.
 E = Time spent auto-exploring this place.
 F = Levels seen in this place.
 G = Mean time per level.
                   A        B        C        D        E       F      G
               +--------+--------+--------+--------+--------+-----+--------+
         Total |   3205 |   3150 |     55 |      0 |   2754 |   3 | 1068.3 |
       Dungeon |   3205 |   3150 |     55 |      0 |   2754 |   3 | 1068.3 |
               +--------+--------+--------+--------+--------+-----+--------+

Top non-repeatable levels by time:
     D:2: 1395 daAuts
     D:1: 1229 daAuts
     D:3: 580 daAuts
